Map: Tropical Sacrifice

Players

Vindicta

  • Race: Terran Terran
  • Spawn Location: 7:00

Zoun - Winner!

  • Race: Protoss Protoss
  • Spawn Location: 1:00

Event: DreamHack SC2 Masters 2022 Atlanta (Offline)

VOD

Have the link to the VOD?

Description

Time

  • Played on: Nov. 18, 2022, 10:33 a.m.
  • Length: 9:00

All games in this series

Show
View Real Time Build Order
Export as new Build Order

Vindicta Terran 

Build Orders:  

Get SALT Encoding   

  12  0:00  SCV  
  13  0:12  SCV  
  14  0:17  Supply Depot  
  14  0:24  SCV  
  15  0:39  SCV  
  15  0:40  Barracks  
  16  0:44  Refinery  
  16  0:51  SCV  
  16  0:54  Refinery  
  17  1:03  SCV  
  18  1:15  SCV  
  19  1:28  Reaper, Orbital Command  
  19  1:31  Supply Depot  
  20  1:44  Factory  
  21  1:54  SCV  
  21  2:00  Reaper  
  22  2:06  SCV  
  23  2:18  SCV  
  24  2:26  Command Center  
  24  2:31  Hellion  
  26  2:37  SCV  
  26  2:39  Barracks Reactor  
  26  2:42  Supply Depot  
  27  2:50  SCV  
  28  2:54  Starport  
  28  2:58  Widow Mine  
  30  3:02  SCV  
  31  3:14  SCV  
  31  3:16  Marine  
  31  3:19  Widow Mine  
  35  3:20  Marine  
  35  3:26  SCV  
  36  3:32  Medivac  
  35  3:34  Marine  
  35  3:38  SCV, Marine  
  35  3:39  Orbital Command  
  38  3:45  Widow Mine  
  38  3:48  Bunker  
  40  3:50  SCV  
  40  3:52  Marine  
  42  3:56  Marine  
  42  4:02  SCV  
  44  4:06  SCV  
  44  4:08  Starport Tech Lab  
  45  4:10  Marine  
  45  4:14  SCV, Factory Tech Lab, Marine  
  48  4:18  SCV  
  48  4:19  Supply Depot  
  49  4:26  SCV, Raven  
  49  4:28  Barracks  
  49  4:29  Marine  
  53  4:31  Marine  
  54  4:40  SCV  
  54  4:44  SCV  
  56  4:46  Supply Depot  
  56  4:47  Marine  
  56  4:52  SCV, Siege Tank, Marine  
  59  4:56  SCV  
  59  5:03  Barracks  
  59  5:04  SCV  
  59  5:05  Refinery, Marine  
  59  5:07  Engineering Bay  
  61  5:10  Marine  
  61  5:11  SCV  
  61  5:12  Supply Depot  
  65  5:17  SCV  
  64  5:23  Marine  
  64  5:25  Siege Tank  
  64  5:27  Stimpack  
  64  5:28  Marine  
  66  5:30  SCV x2  
  66  5:31  Refinery  
  66  5:34  Terran Infantry Weapons Level 1  
  69  5:35  Marauder  
  69  5:41  Starport Reactor, Marine  
  70  5:44  SCV  
  70  5:46  SCV, Marine  
  73  5:57  Marauder  
  75  5:58  Marine  
  72  6:04  Combat Shield  
  72  6:05  Marauder  
  72  6:07  SCV  
  72  6:11  SCV  
  74  6:13  Factory Reactor  
  74  6:17  Supply Depot  
  74  6:18  Marauder  
  76  6:19  Supply Depot, SCV  
  78  6:35  Marine  
  78  6:38  Viking, Medivac, Marine, SCV  
  78  6:39  Supply Depot, Marauder  
  86  6:41  SCV  
  86  6:42  Supply Depot  
  87  6:49  Marauder  
  87  6:52  Command Center  
  87  6:53  Marine  
  90  6:58  Widow Mine x2  
  95  7:01  SCV  
  95  7:05  Supply Depot x2  
  95  7:06  SCV  
  96  7:08  Marine  
  96  7:10  Medivac  
  96  7:14  Medivac  
  101  7:18  SCV  
  101  7:20  Widow Mine, Marine x2  
  101  7:21  Missile Turret  
  103  7:30  SCV  
  103  7:31  Marine  
  103  7:35  Concussive Shells  
  103  7:42  SCV  
  104  7:44  Barracks  
  104  7:46  Barracks, SCV  
  104  7:50  Widow Mine  
  107  7:52  Supply Depot, Marauder  
  107  7:54  SCV  
  107  7:58  SCV  
  107  8:01  Widow Mine, Marine  
  107  8:04  Marine  
  105  8:07  SCV  
  105  8:09  Marauder  
  105  8:11  Widow Mine  
  110  8:12  Marine  
  110  8:13  SCV  
  110  8:14  Orbital Command  
  110  8:19  Medivac  
  110  8:23  Widow Mine  
  110  8:26  SCV x2  
  114  8:28  Marine  
  114  8:30  Marine  
  114  8:31  Marauder, Orbital Command  
  116  8:38  SCV  
  117  8:43  Barracks Reactor, Barracks Tech Lab  
  117  8:48  SCV  
Show
View Real Time Build Order
Export as new Build Order

Zoun Protoss - Winner!

Build Orders: 1 Gate Expand, Blink Stalkers 

Get SALT Encoding   

  12  0:00  Probe  
  13  0:12  Probe  
  14  0:17  Pylon  
  14  0:24  Probe (Chrono Boost)  
  15  0:36  Probe (Chrono Boost)  
  15  0:37  Gateway  
  16  0:44  Probe (Chrono Boost)  
  16  0:46  Assimilator  
  17  0:51  Probe  
  18  1:03  Probe  
  19  1:15  Probe  
  20  1:24  Cybernetics Core  
  20  1:35  Nexus  
  20  1:38  Probe  
  21  1:46  Pylon  
  21  1:50  Probe  
  22  1:55  Assimilator  
  22  2:02  Probe, Stalker (Chrono Boost)  
  25  2:09  Warp Gate  
  25  2:15  Probe  
  26  2:27  Probe  
  26  2:29  Twilight Council  
  27  2:32  Adept  
  29  2:42  Probe  
  29  2:43  Shield Battery  
  29  2:47  Probe  
  30  2:57  Probe  
  30  2:58  Gateway  
  31  3:00  Blink (Chrono Boost)  
  31  3:06  Probe  
  31  3:11  Probe  
  33  3:18  Probe  
  34  3:23  Probe  
  33  3:31  Probe  
  34  3:35  Probe  
  34  3:37  Robotics Facility  
  35  3:43  Probe  
  35  3:47  Probe  
  37  3:55  Probe  
  38  3:57  Stalker x2  
  38  4:00  Probe  
  41  4:03  Pylon  
  41  4:07  Probe  
  42  4:14  Gateway  
  42  4:19  Probe  
  42  4:20  Stalker  
  42  4:22  Stalker  
  42  4:24  Probe  
  48  4:26  Warp Prism (Chrono Boost)  
  50  4:31  Probe  
  52  4:38  Probe  
  52  4:47  Probe  
  53  4:55  Probe  
  53  5:01  Nexus  
  53  5:06  Probe  
  54  5:16  Pylon  
  54  5:17  Assimilator  
  54  5:23  Pylon  
  54  5:24  Robotics Bay  
  54  5:34  Probe  
  54  5:35  Observer, Stalker  
  59  5:36  Stalker  
  59  5:37  Pylon  
  59  5:40  Stalker  
  62  5:43  Probe  
  62  5:46  Charge (Chrono Boost), Probe  
  64  5:55  Pylon  
  64  6:02  Probe  
  65  6:06  Probe  
  65  6:09  Shield Battery  
  65  6:10  Disruptor (Chrono Boost)  
  66  6:12  Gateway  
  66  6:13  Gateway  
  66  6:15  Forge  
  66  6:18  Probe x3  
  71  6:24  Sentry  
  71  6:25  Gateway  
  74  6:30  Probe  
  74  6:34  Probe  
  74  6:35  Stalker x2  
  78  6:44  Protoss Ground Weapons Level 1 (Chrono Boost), Probe x2  
  78  6:46  Probe  
  81  6:56  Probe x2  
  81  6:58  Probe, Pylon  
  84  7:03  Disruptor (Chrono Boost), Zealot x2  
  91  7:10  Probe x2  
  91  7:11  Observer  
  91  7:12  Pylon  
  91  7:13  Pylon  
  93  7:23  Zealot x3  
  93  7:28  Gateway x2  
  99  7:31  Pylon  
  99  7:35  Zealot x3  
  105  7:41  Photon Cannon  
  105  7:42  Photon Cannon  
  105  7:47  Photon Cannon  
  104  7:54  Zealot x3  
  108  8:06  Stalker x3  
  112  8:15  Zealot x3  
  120  8:27  Zealot  
  120  8:28  Zealot  
  120  8:32  Zealot x2  
  128  8:38  Zealot x2  
  132  8:42  Pylon x2  
  132  8:43  Pylon  
  126  8:52  Zealot x4  
  126  8:53  Zealot  
Tags
 
Add a new tag
Caveats
  • Supply blocks, unpowered buildings, or Contaminate may cause inaccurate times.
  • Supply counts are checked every 10 seconds.